 Dungeon Crawl Stone Soup version 0.31.0-10-gcf4a605ca0 (webtiles) character file.

Game seed: 17767333554617057661

46 Gadfly the Changeling (level 3, 0/26 HPs)
             Began as a Merfolk Shapeshifter on Jan 26, 2024.
             Slain by an orc
             ... wielding a +1 mace of protection
              (2 damage)
             ... on level 2 of the Dungeon.
             The game lasted 00:02:06 (1664 turns).

Gadfly the Changeling (Merfolk Shapeshifter)        Turns: 1664, Time: 00:02:06

Health: 0/26       AC:  2    Str: 16    XL:     3   Next: 68%
Magic:  3/3        EV: 13    Int:  9    God:
Gold:   77         SH:  0    Dex: 13    Spells: 0/2 levels left

rFire   . .          .
                       - Unarmed
rCold   . . .        (no shield)
rNeg    + . .        a - +0 animal skin
rPois   .            l - melded +0 helmet
rElec   .            (cloak currently unavailable)
rCorr   .            (gloves currently unavailable)
SInv    .            f - melded +0 pair of boots
Will    .....        (no amulet)
Stlth   +            e - ring of positive energy
HPRegen 0.24/turn    (no ring)
MPRegen 0.08/turn

%: no passive effects
@: beast-form
A: beast (slay +2), (nimble swimmer 2), mertail
a: Begin Untransformation


You were on level 2 of the Dungeon.
You were a hulking beast.
You visited 1 branch of the dungeon, and saw 3 of its levels.

You collected 77 gold pieces.

Inventory:

Armour
 a - a +0 animal skin (worn)
 f - a +0 pair of boots (melded)
 l - a +0 helmet (melded)
Jewellery
 e - a ring of positive energy (left hand)
Talismans
 c - a beast talisman (active)
 d - a flux talisman
Scrolls
 m - 2 scrolls of teleportation
Potions
 b - a potion of lignification
 g - 2 potions of ambrosia
 h - a potion of mutation
 j - a potion of invisibility {unknown}


   Skills:
 + Level 1.6 Fighting
 * Level 3.5 Dodging
 * Level 3.7 Unarmed Combat
 * Level 1.5 Evocations
 + Level 4.2 Shapeshifting


You couldn't memorise any spells.
You knew the following spells:

 Your Spells              Type           Power      Damage    Failure   Level
a - Blink                 Tloc           0%         N/A       52%         2

Your spell library contained the following spells:

 Spells                   Type           Power      Damage    Failure   Level
 Magic Dart               Conj           0%         1d3       38%         1
 Call Imp                 Summ           0%         N/A       52%         2
 Dazzling Flash           Conj/Hex       0%         N/A       77%         3
 Mephitic Cloud           Conj/Alch/Air  0%         N/A       77%         3
 Curse of Agony           Necr           0%         N/A       100%        5
 Silence                  Hex/Air        0%         N/A       100%        5


Dungeon Overview and Level Annotations

Branches:
Dungeon (3/15)

Altars:


Innate Abilities, Weirdness & Mutations

You are a hulking beast.
Your limbs bulge with bestial killing power. (Slay +2)
((You are very nimble when in or above water. (Stealth+, EV+, Speed+++)))
Your lower body shifts to a powerful aquatic tail in water.


Message History

As you read the scroll labelled XAIMO TOKH, it crumbles to dust.
You feel strangely unstable.
It was a scroll of teleportation.
As you read the scroll labelled OLUWIT DIUXE, it crumbles to dust.
It is a scroll of amnesia.
You feel forgetful for a moment.
You start waiting.
Your surroundings suddenly seem different.
Okay, then.
This spell is quite dangerous to cast!
You start memorising the spell.
You continue memorising. x2
You finish memorising.
Spell assigned to 'a'.
Done exploring.
Done exploring.
Done exploring.
There is an escape hatch in the ceiling here.
There is a stone staircase leading down here.
You climb downwards.
The orc shouts! x3; The orc priest shouts!
The orc shouts!
You hear a shout!
Found 9 gold pieces.
There is a stone staircase leading up here.
There are monsters nearby!
The orc hits you with a +1 mace of protection.
The orc priest hits you with a +0 club. The orc barely misses you.
The orc hits you with a +0 hand axe.
You climb upwards.
There is a stone staircase leading down here.
You hit the orc priest.
The orc priest is heavily wounded.
The orc hits you with a +1 mace of protection.
You hit the orc priest.
The orc priest is severely wounded.
The orc barely misses you. The orc hits you with a +0 hand axe.
The orc priest hits you with a +0 club.
* * * LOW HITPOINT WARNING * * *
The orc misses you.
Unknown command.
The orc hits you with a +0 hand axe.
* * * LOW HITPOINT WARNING * * *
The orc hits you with a +1 mace of protection.
You die...

# ##.####.......#..##...# #
#.^..#.....#.#.#####)##### #
######.##.##.#.#..(........#
#
#.........##.#.###.........#
#
#.######.....#.###.........#
#
#.......#....#.......########
#
#######.#.##.#..####.#.......
# #.........# #.#.#####. #
###..oh##.# #.#.### #. #
####.oo...# #.#...# #. #
#...>.o.### #.###.# #. #
#.......# #.<...# #. #
#.......# ####### #.
#.......# #. ######### ##


You could see an orc priest and 3 orcs.

Vanquished Creatures
  2 adders (D:2)
  A dart slug (D:2)
  A bat (D:1)
  6 endoplasms
  A giant cockroach (D:1)
  2 hobgoblins
  3 ball pythons
  2 frilled lizards
  3 goblins
  A kobold (D:2)
  3 rats
25 creatures vanquished.

Notes
Turn   | Place    | Note
-------+----------+-------------------------------------------
     0 | D:1      | Gadfly the Merfolk Shapeshifter began the quest for the
                  | Orb.
     0 | D:1      | Reached XP level 1. HP: 15/15 MP: 1/1
   111 | D:1      | Reached XP level 2. HP: 17/21 MP: 2/2
   870 | D:2      | Reached skill level 1 in Evocations
   983 | D:2      | Reached XP level 3. HP: 19/26 MP: 3/3
  1072 | D:2      | Found a faded altar of an unknown god.
  1615 | D:2      | Learned a level 2 spell: Blink
  1664 | D:2      | Slain by an orc

Illustrated notes

Levels and vault maps discovered:
D:1:      lightli_arrival_flooded_house, layout_basic, amcnicky_mini_pool_small,
          serial_bayou_pond_c
D:2:      layout_basic, ebering_ecumenical_altar_rust, minmay_tetromino_i4
D:3:      layout_loops_ring, nzn_wu_jian_council_hall,
          nicolae_qazlal_eye_of_the_storm, general_overflow_altar,
          overflow_temple_1_default, led_xom_imps, nicolae_titane

Skill      XL: |  1  2 |
---------------+-------+-----
Dodging        | 3 |  3.5
Evocations     | 1 |  1.5
Fighting       | |  1.6
Unarmed Combat | |  3.7
Shapeshifting  | |  4.2

Action                     || total
---------------------------++-------
  Melee: Unarmed           ||    69
         Punch             ||     2
Ability: Begin Untransform ||     2
    Use: Scroll            ||     7
 Armour: Animal skin       ||    37
  Dodge: Dodged            ||    37
   Form: Beast             ||     2
